[Event "Chinese League Division-A 2024"]
[Site "Fuling Chongqing"]
[Date "2024.07.01"]
[Round "5.4"]
[White "Li, Ruofan"]
[Black "Zhang, Xiao"]
[Result "1-0"]
[ECO "D20"]
[WhiteElo "2321"]
[BlackElo "2193"]
[Annotator "TA"]
[PlyCount "125"]
[EventDate "2024.06.28"]
[EventType "team-tourn"]
[EventCountry "CHN"]
[SourceTitle "playchess.com"]
[Source "ChessBase"]
[SourceQuality "1"]
[TimeControl "40/5400+30:1800+30"]

1. d4 d5 2. c4 dxc4 3. e4 e5 4. Nf3 exd4 5. Bxc4 Bb4+ 6. Nbd2 Nc6 7. O-O Nf6 8. e5 Nd5 9. Nb3 {[%emt 0:00:56] D20: Queen's Gambit Accepted: 3 e3 and 3 e4.} Be7 10. Qe2 O-O 11. Rd1 Nb6 (11... Bg4 $11) 12. Bb5 (12. Nbxd4 $14 Nxd4 13. Rxd4) 12... Bd7 13. Qe4 $146 ({Predecessor:} 13. Bf4 Nb4 14. Nbxd4 N4d5 15. Bg3 Bxb5 16. Nxb5 c6 17. Nbd4 Re8 18. e6 Bf6 19. exf7+ Kxf7 {1-0 Levin,E (2544)-Oganian,M (2448) St Petersburg  North-West Cup-A 2017 (8)}) 13... a6 14. Bd3 g6 15. Bh6 Re8 16. Rac1 ({White should play} 16. Qf4 $14) 16... Bf6 $15 17. Bf4 Bf5 18. Qe2 Bg4 19. Be4 Nxe5 (19... Bxe5 20. Bxc6 bxc6 (20... Bxf4 21. Bxe8 Qxe8 22. Qxe8+ Rxe8 23. Ra1 $14) 21. Bxe5 Bxf3 22. Qxf3 (22. gxf3 $2 Qg5+ 23. Kh1 Rxe5 $19) 22... Rxe5 23. Nxd4 $14 (23. Qxc6 Rd5 $11)) 20. Nbxd4 Nxf3+ 21. gxf3 Bxd4 22. fxg4 {[%emt 0:00:04] [#]} (22. Bxc7 $2 Qe7 (22... Rxe4 $2 23. Qxe4 Bxf2+ 24. Kxf2 $18) 23. Rxd4 Bxf3 $19) 22... f5 $2 (22... c6 $1 $17 {[%cal Of7f5] White must now prevent ...f5!} 23. Qf3 Qf6) 23. Bxc7 (23. gxf5 $16 {And now Qf3 would win.} Qf6 24. Qf3 (24. Bxc7 gxf5 25. Bxb6 Bxb6 $11) (24. Rxc7 Be5 $18)) 23... Qf6 $11 24. Bxb6 Bxb6 25. Bd5+ Kh8 26. Qf3 Rad8 27. gxf5 Qxf5 (27... Rf8 {with more complications.} 28. Bxb7 Qxb2 29. Rxd8 Qxc1+ 30. Rd1 Qg5+) 28. Bxb7 Rxd1+ (28... Qg5+ {simplifies} 29. Kh1 Bd4 30. b3 Rf8) 29. Rxd1 Bxf2+ $2 (29... Re5 $11 {and Black has nothing to worry.}) 30. Kxf2 $18 Qc2+ 31. Kg1 Qxb2 32. Bd5 ({Worse is} 32. Bxa6 Qb6+ 33. Qf2 Qxa6 $11) 32... Rd8 33. Qe4 Qb6+ 34. Qd4+ Qxd4+ 35. Rxd4 Kg7 36. Kf2 Kf6 37. Ke3 Ke5 38. Re4+ Kf5 39. Be6+ Kf6 40. Bb3 Rd6 41. Ra4 Kg5 42. Bc4 Rc6 43. Bxa6 ({Stronger than} 43. Rxa6 Rxc4 44. Kf2 Kh4 $11) 43... Rc3+ (43... Rc1 $142 44. Be2 Kh6 45. Rh4+ Kg7) 44. Bd3 $18 Rc1 45. Rc4 Rh1 46. h4+ Kf6 47. a4 Ra1 48. Bc2 Ke5 49. Kd2 Ra3 50. Kc1 Kd5 51. Kb2 Rh3 52. Bb3 Kd6 53. a5 Rh2+ 54. Ka3 Re2 55. a6 Re7 56. Kb4 h6 57. Kb5 g5 58. h5 Ke5 59. Kb6 Kf5 60. Bc2+ Kf6 61. a7 Re8 62. Kb7 Re7+ 63. Kb8 1-0

[Event "Chinese League Division-A 2024"]
[Site "Fuling Chongqing"]
[Date "2024.07.01"]
[Round "5.5"]
[White "Hu, Yu A."]
[Black "Wang, Yu A."]
[Result "1/2-1/2"]
[ECO "E54"]
[WhiteElo "2127"]
[BlackElo "2234"]
[Annotator "TA"]
[PlyCount "80"]
[EventDate "2024.06.28"]
[EventType "team-tourn"]
[EventCountry "CHN"]
[SourceTitle "playchess.com"]
[Source "ChessBase"]
[SourceQuality "1"]
[TimeControl "40/5400+30:1800+30"]

1. Nf3 Nf6 2. c4 e6 3. d4 Bb4+ 4. Nc3 c5 5. e3 O-O 6. Bd3 d5 7. O-O cxd4 8. exd4 dxc4 9. Bxc4 b6 10. Bg5 Bb7 11. Ne5 Nc6 12. Nxc6 Bxc6 13. Qb3 Bxc3 (13... Be7 {keeps more tension.} 14. Bxe6 Qxd4 15. Rfd1 Qc5) 14. bxc3 {[%emt 0:00:08] The position is equal.} Rc8 15. Ba6 Rc7 16. a4 Qd6 {[%emt 0:18:32] Dodges Bf4} 17. Rfd1 Ng4 18. g3 Ba8 (18... Bf3 $11) 19. c4 ({Wrong is} 19. Bf4 $2 e5 (19... Qc6 20. d5 $15) 20. Be2 (20. dxe5 $2 Qc6 $19) 20... exf4 $19) (19. Be2 $1 $14 h6 20. Bc1) 19... Qc6 (19... h6 $142 20. Bf4 e5) 20. d5 $36 {[%emt 0:00:08][%mdl 2048] White has some pressure.} exd5 21. cxd5 Qg6 22. Bf4 Qh5 23. h4 (23. Bxc7 $2 {gets mated.} Qxh2+ 24. Kf1 Qxf2#) 23... Rd7 (23... Ne5 $1 $14) 24. Be2 $16 Qg6 25. Bb5 {[%emt 0:10:00] This pair of bishops is nice.} Rdd8 26. Rac1 h6 {[%emt 0:02:41] [#]} 27. Bc6 $1 Qh5 (27... Rc8 $16 {keeps fighting.}) 28. Bc7 $18 Rc8 {[%emt 0:01:08] [#]} 29. Bxa8 $1 Rxa8 30. d6 ({Better is} 30. Qf3 $18 {Threatens to win with d6.} Qg6 31. Rd4) 30... Qf5 $16 31. Qc2 {[%emt 0:01:01] Active counter play!} Qd7 32. Qc6 ({White should play} 32. a5 $16) 32... Nf6 $14 33. Qxd7 Nxd7 34. a5 Rfe8 35. Rb1 Re6 36. Ra1 {[%emt 0:01:56] aiming for axb6.} Rc8 37. axb6 axb6 38. Ra7 g6 39. Kg2 Kg7 40. g4 Rce8 {[%emt 0:00:00] Black defended with fortune.   Weighted Error Value: White=0.15 (very precise) /Black=0.21 (precise) .  Mistake:       	White=3     	Black=4      Inaccurate:     	White=2     	Black=3      OK:         	White=8     	Black=8      Best:        	White=3     	Black=1      Strong:       	White=2     	---} 1/2-1/2

[Event "Chinese League Division-A 2024"]
[Site "Fuling Chongqing"]
[Date "2024.07.01"]
[Round "5.6"]
[White "Xu, Yinglun"]
[Black "Xu, Yi"]
[Result "1/2-1/2"]
[ECO "D02"]
[WhiteElo "2526"]
[BlackElo "2496"]
[Annotator "TA"]
[PlyCount "62"]
[EventDate "2024.06.28"]
[EventType "team-tourn"]
[EventCountry "CHN"]
[SourceTitle "playchess.com"]
[Source "ChessBase"]
[SourceQuality "1"]
[TimeControl "40/5400+30:1800+30"]

1. d4 Nf6 2. Bf4 d5 3. e3 c5 4. Nf3 e6 5. Nbd2 Qb6 {[%emt 0:01:50] The position is equal.} 6. Rb1 Bd6 7. dxc5 Qxc5 8. Bg5 Be7 9. Bd3 Nc6 10. O-O O-O 11. c3 h6 12. b4 Qd6 ({Stronger than} 12... Qxc3 13. Rb3 $16) 13. Bh4 Qd8 14. a3 b6 15. Qe2 Bb7 16. Rfd1 Nh5 17. Bxe7 Qxe7 18. c4 Rfd8 19. cxd5 Rxd5 20. Rbc1 {[%emt 0:00:47] [#] aiming for Be4.} (20. Be4 $5 Rd6 $8 21. b5 $11) 20... Nf6 21. Ne4 Rad8 22. Nxf6+ Qxf6 23. Be4 Rxd1+ 24. Rxd1 a5 25. bxa5 (25. Rc1 {keeps more tension.} Rc8 26. h3 Qe7 27. b5) 25... Nxa5 26. Rxd8+ Qxd8 27. Bxb7 Nxb7 $11 {[%emt 0:00:05] KQN-KQN} 28. h3 Qe7 29. Qb5 Qxa3 30. Qxb6 Qc1+ 31. Kh2 Qc8 $1 {[%emt 0:00:08] An even fight not without its subleties.   Weighted Error Value: White=0.03 (flawless) /Black=0.02 (flawless) .  OK:         	White=14    	Black=10     Best:        	White=1     	---        Strong:       	---       	Black=1} 1/2-1/2

[Event "Chinese League Division-A 2024"]
[Site "Fuling Chongqing"]
[Date "2024.07.01"]
[Round "5.7"]
[White "Lou, Yiping"]
[Black "Xie, Kaifan"]
[Result "1/2-1/2"]
[ECO "D38"]
[WhiteElo "2442"]
[BlackElo "2376"]
[Annotator "TA"]
[PlyCount "63"]
[EventDate "2024.06.28"]
[EventType "team-tourn"]
[EventCountry "CHN"]
[SourceTitle "playchess.com"]
[Source "ChessBase"]
[SourceQuality "1"]
[TimeControl "40/5400+30:1800+30"]

1. d4 Nf6 2. c4 e6 3. Nf3 d5 4. Nc3 Bb4 5. Qa4+ Nc6 6. e3 O-O 7. Bd2 dxc4 8. Bxc4 Bd6 9. Nb5 e5 {[%emt 0:01:24] The position is equal.} 10. Nxd6 cxd6 11. dxe5 dxe5 12. O-O e4 13. Nd4 Nxd4 14. exd4 Qb6 15. Ba5 {[%emt 0:05:53] This pair of bishops is nice.} Bd7 $1 16. Qxd7 Nxd7 17. Bxb6 Nxb6 18. Bb3 Rfd8 19. f3 exf3 20. Rxf3 Rd7 21. Re1 g6 22. Kf2 Kg7 23. Re4 Rc8 24. Rc3 Rcd8 25. Ke3 Kf8 ({Better is} 25... f5 $15 26. Re5 Rxd4) 26. g4 $11 h6 27. Rc5 Rd6 28. h4 R8d7 29. a4 Nd5+ 30. Bxd5 Rxd5 31. Rxd5 Rxd5 32. Re5 {[%emt 0:00:34] Weighted Error Value: White=0.05 (flawless) /Black=0.04 (flawless) .  Mistake:       	White=1     	Black=1      Inaccurate:     	White=1     	Black=1      OK:         	White=7     	Black=13     Strong:       	---       	Black=1} (32. Kd3 $14) 1/2-1/2

[Event "Chinese League Division-A 2024"]
[Site "Fuling Chongqing"]
[Date "2024.07.01"]
[Round "5.8"]
[White "Wu, Yixing"]
[Black "Meng, Yihan"]
[Result "1/2-1/2"]
[ECO "D28"]
[WhiteElo "2326"]
[BlackElo "2268"]
[Annotator "TA"]
[PlyCount "41"]
[EventDate "2024.06.28"]
[EventType "team-tourn"]
[EventCountry "CHN"]
[SourceTitle "playchess.com"]
[Source "ChessBase"]
[SourceQuality "1"]
[TimeControl "40/5400+30:1800+30"]

1. d4 d5 2. Nf3 Nf6 3. c4 dxc4 4. e3 e6 5. Bxc4 c5 6. O-O a6 7. Qe2 b5 8. Bd3 Nbd7 9. a4 c4 10. Bc2 Bb7 11. e4 Be7 12. Nc3 b4 13. e5 {[%emt 0:00:25] The position is equal.} bxc3 14. exf6 Nxf6 15. bxc3 Qd5 16. Bf4 Qh5 17. Rfb1 Bd5 18. Bd1 Be4 19. Bc2 Bd5 20. Qe3 Ng4 21. Qe2 {[%emt 0:01:51] Weighted Error Value: White=0.11 (very precise) /Black=0.05 (flawless) .  Inaccurate:     	White=1     	---        OK:         	White=4     	Black=6} 1/2-1/2

[Event "Chinese League Division-A 2024"]
[Site "Fuling Chongqing"]
[Date "2024.07.01"]
[Round "5.9"]
[White "Ju, Wenjun"]
[Black "Wang, Qinxuanyi"]
[Result "1-0"]
[ECO "A07"]
[WhiteElo "2558"]
[BlackElo "2149"]
[Annotator "TA"]
[PlyCount "67"]
[EventDate "2024.06.28"]
[EventType "team-tourn"]
[EventCountry "CHN"]
[SourceTitle "playchess.com"]
[Source "ChessBase"]
[SourceQuality "1"]
[TimeControl "40/5400+30:1800+30"]

1. Nf3 d5 2. g3 Nf6 3. Bg2 c6 4. O-O Bf5 5. d3 Nbd7 6. Nh4 Bg6 (6... Be6 $11) 7. Nxg6 $14 hxg6 8. Nd2 e6 {[%emt 0:03:18] White is slightly better.} 9. e4 dxe4 10. dxe4 Be7 11. Qe2 Qc7 12. a4 O-O 13. f4 Rfd8 14. Kh1 Rac8 15. b3 a5 16. Bb2 b5 17. Nf3 (17. axb5 $6 cxb5 18. Rfc1 Qb6 $15) 17... Bf8 (17... Bb4 $14) 18. Ng5 (18. axb5 $6 cxb5 19. Nd4 e5 20. fxe5 (20. Nxb5 Qxc2 21. Rf2 Qxe2 $15) 20... Nxe5 $14) 18... b4 19. e5 Nh7 20. Ne4 {[%emt 0:01:38] White is much more active.} Nb6 21. g4 $36 {[%emt 0:01:40][%mdl 2048] White has strong initiative.} c5 22. c4 {[%emt 0:06:16] Black must now prevent Rf2.} bxc3 23. Nxc3 (23. Bxc3 $16 Nd5 24. Bd2) 23... c4 24. Nb5 Qb8 25. bxc4 (25. Rf3 $16) 25... Rxc4 $11 26. f5 Rdc8 $2 (26... Rxa4 $11 {and Black has nothing to worry.} 27. Rxa4 Nxa4 28. fxg6 fxg6) 27. fxg6 $18 fxg6 28. Rac1 {[%emt 0:00:37] Repels Rc2} (28. Nd4 $1 $16 Nxa4 29. Rab1) 28... Ng5 (28... Rxa4 $11 {and Black is okay.} 29. Rb1 Nc4) 29. Rxc4 (29. Nd4 $1 $18 ) 29... Rxc4 $16 {[%emt 0:00:58] [#]} 30. Bd4 {[%emt 0:00:23] A strong pair of Bishops.} (30. Bc1 $1 $16 Nh7 (30... Nf7 $2 31. Be3 $16) 31. Nd6 Rxa4 (31... Bxd6 32. exd6 Qxd6 33. Be3 $18) 32. Qf3) 30... Rxa4 $2 {[%emt 0:02:48][%mdl 8192] [#]} (30... Bc5 $14 31. Bxc5 Rxc5) 31. Qe3 $2 (31. Qc2 $1 $18 {is the precise move to win.}) 31... Nd5 $2 (31... Nd7 $16 32. Nc3 Rxd4 33. Qxd4 Qxe5 34. Qxe5 Nxe5) 32. Qxg5 $18 Qxb5 33. Qd8 $2 (33. Qxg6 $1 $18 Nf6 34. Rxf6 Rxd4 35. Qf7+ Kh8 (35... Kh7 36. Rh6+ Kxh6 37. Qh5#) 36. Qxf8+ Kh7 37. Rf3 (37. Rxe6 {gets mated.} Rd1+)) 33... Qb4 $2 (33... Qxf1+ $11 34. Bxf1 Rxd4) 34. Qe8 {[%emt 0:01:09] Weighted Error Value: White=0.52/Black=0.73.  Loses game:     	---       	Black=4      Missed win:     	White=2     	---        Mistake:       	White=5     	Black=2      Inaccurate:     	White=1     	---        OK:         	White=9     	Black=5      Best:        	White=3     	Black=3} 1-0

[Event "Chinese League Division-A 2024"]
[Site "Fuling Chongqing"]
[Date "2024.07.01"]
[Round "5.10"]
[White "Liu, Manli"]
[Black "Ni, Shiqun"]
[Result "1/2-1/2"]
[ECO "C07"]
[WhiteElo "2056"]
[BlackElo "2352"]
[Annotator "TA"]
[PlyCount "78"]
[EventDate "2024.06.28"]
[EventType "team-tourn"]
[EventCountry "CHN"]
[SourceTitle "playchess.com"]
[Source "ChessBase"]
[SourceQuality "1"]
[TimeControl "40/5400+30:1800+30"]

1. e4 e6 2. d4 d5 3. Nd2 c5 4. exd5 Qxd5 5. Ngf3 cxd4 6. Bc4 Qd6 7. O-O Nf6 8. Nb3 Nc6 9. Nbxd4 Nxd4 10. Qxd4 Qxd4 11. Nxd4 Bd7 12. c3 Rc8 13. Be2 Bc5 14. Rd1 e5 {[%emt 0:14:06] The position is equal.} 15. Nc2 O-O 16. Be3 Bxe3 17. Nxe3 Be6 18. Bf3 e4 19. Be2 Rfd8 20. f3 exf3 21. Bxf3 b6 22. Kf2 Kf8 23. Ke2 Ke7 24. Rxd8 Rxd8 25. b3 g5 26. g3 h5 27. Rd1 Rxd1 28. Kxd1 $11 {[%emt 0:00:30][%mdl 4096] Endgame. KBN-KBN} Kd6 29. Kd2 Ke5 30. Kd3 Ng4 31. Bxg4 (31. Ke2 $11 {remains equal.}) 31... hxg4 {[%emt 0:01:53] KB-KN} 32. Nd1 Bf5+ 33. Kd2 Bb1 34. Nf2 f5 {[%emt 0:00:03] Black is better.} (34... Bxa2 35. Nxg4+ Kf5 36. Ne3+ (36. Nh6+ $2 Kg6 $19) 36... Ke4 37. h4 $15) 35. a4 Be4 36. Kc1 Bd5 37. Kb2 Bc6 38. Ka3 a5 39. Kb2 Bb7 {[%emt 0:00:21] Weighted Error Value: White=0.07 (flawless) /Black=0.02 (flawless) .  Mistake:       	White=1     	---        OK:         	White=12    	Black=12} 1/2-1/2

[Event "Chinese League Division-A 2024"]
[Site "Fuling Chongqing"]
[Date "2024.07.01"]
[Round "5.11"]
[White "Wang, Hao"]
[Black "Wan, Yunguo"]
[Result "1-0"]
[ECO "B45"]
[WhiteElo "2702"]
[BlackElo "2498"]
[Annotator "TA"]
[PlyCount "95"]
[EventDate "2024.06.28"]
[EventType "team-tourn"]
[EventCountry "CHN"]
[SourceTitle "playchess.com"]
[Source "ChessBase"]
[SourceQuality "1"]
[TimeControl "40/5400+30:1800+30"]

1. e4 c5 2. Nf3 e6 3. d4 cxd4 4. Nxd4 Nf6 5. Nc3 Nc6 6. Nxc6 bxc6 7. e5 Nd5 8. Ne4 Bb7 9. Bd3 c5 10. c4 Nb4 11. Bb1 {[%emt 0:00:38] White is slightly better.} Nc6 $1 12. Bf4 Qa5+ 13. Qd2 Qxd2+ 14. Kxd2 Be7 15. h4 f6 16. exf6 gxf6 17. Nd6+ Bxd6 18. Bxd6 Ne5 19. Kc3 Rc8 ({Of course not} 19... Bxg2 $6 20. Rg1 Bf3 21. Rg7 $16) 20. Bc2 Nf7 21. Bf4 Bxg2 22. Rhg1 Bf3 23. Rg7 f5 24. Rag1 Kf8 25. Ba4 Bg4 26. R7xg4 fxg4 27. Bxd7 Rd8 28. Bxe6 {[%emt 0:00:06][%cal Of4e3] Black must now prevent Be3!} Nd6 $2 {[%emt 0:06:49] Black cannot hold the game after this.} (28... h5 $14) 29. Rxg4 Ne4+ 30. Kc2 $1 Nf6 31. Rg3 {[%emt 0:09:04] Ra3 would now be deadly.} h6 $2 (31... Ke7 {was called for.} 32. Bf5 Rhe8) 32. Bc7 (32. Ra3 $142) 32... Ke7 $18 33. Bf5 {[%emt 0:03:51] And now Re3+ would win.} (33. Bxd8+ Rxd8 34. Re3 Rd4) 33... Rd4 34. Re3+ Kf7 35. Be6+ Ke7 {[%emt 0:00:26][%cal Oh8e8] [#]} 36. Be5 $1 Rxh4 $2 {[%emt 0:01:16] [#]} (36... Rhd8 {is tougher.}) 37. Bd5 $1 Ng4 38. Bxh8+ {[%emt 0:00:52] A strong pair of Bishops.} Nxe3+ 39. fxe3 h5 40. e4 Rf4 41. e5 h4 42. Bf6+ Ke8 43. Be6 Rf2+ 44. Kd1 Rxb2 45. Bxh4 Rxa2 46. Bd5 {[%emt 0:00:24] Intending e6 and mate.} Ra6 47. e6 Rb6 48. Bf2 {[%emt 0:00:35] Weighted Error Value: White=0.11 (very precise) /Black=0.51.  Loses game:     	---       	Black=1      Mistake:       	White=1     	Black=2      Inaccurate:     	White=1     	Black=2      OK:         	White=12    	Black=11     Best:        	White=3     	Black=5      Strong:       	White=3     	Black=1} 1-0

[Event "Chinese League Division-A 2024"]
[Site "Fuling Chongqing"]
[Date "2024.07.01"]
[Round "5.12"]
[White "Peng, Xiongjian"]
[Black "Zhao, Jun"]
[Result "1/2-1/2"]
[ECO "D37"]
[WhiteElo "2521"]
[BlackElo "2538"]
[Annotator "TA"]
[PlyCount "142"]
[EventDate "2024.06.28"]
[EventType "team-tourn"]
[EventCountry "CHN"]
[SourceTitle "playchess.com"]
[Source "ChessBase"]
[SourceQuality "1"]
[TimeControl "40/5400+30:1800+30"]

1. d4 d5 2. Nf3 Nf6 3. c4 e6 4. Nc3 Nbd7 5. Bf4 dxc4 6. e3 {[%emt 0:00:05] D37: Queen's Gambit Declined: 5 Bf4.} a6 7. Bxc4 b5 8. Be2 Bb7 9. O-O c5 10. Ne5 cxd4 11. exd4 Bb4 12. a4 O-O 13. axb5 axb5 14. Qb3 Bxc3 15. bxc3 Nxe5 16. dxe5 Qd5 17. Qxd5 Nxd5 18. Bd2 Bc6 19. f3 $146 ({Predecessor:} 19. Rfb1 Nb6 20. h3 Nc4 21. Bxc4 bxc4 {½-½ Jurka,M (2360)-Velicka,P (2448) CZE-chT 0102 2001 (3)}) 19... Nb6 20. Be3 Nd5 21. Bd2 Nb6 22. Kf2 Nc4 23. Bf4 f6 24. exf6 gxf6 25. Bh6 Rfd8 26. Rfd1 Rxd1 27. Rxa8+ Bxa8 28. Bxd1 Kf7 29. Bc2 f5 30. Bg5 Bd5 31. Bd3 Nb2 32. Bc2 Nc4 33. Bd8 Na3 34. Bd1 e5 35. g4 Ke6 36. h4 Nc4 37. g5 Kd7 38. Bf6 Bf7 39. Be2 Bh5 40. f4 Bxe2 41. Kxe2 e4 42. h5 Ke6 43. Bd4 Kf7 44. Kd1 Nb2+ 45. Kd2 Nd3 46. Ke3 Ne1 47. Be5 Nf3 48. Bc7 Kg8 49. Bb6 Kf7 50. Ke2 Nh2 51. Bg1 Ng4 52. Bd4 Kg8 53. Kd2 Kf7 54. Kc2 Kg8 55. Kb3 Kf7 56. Bc5 Kg8 57. Bd4 Kf7 58. c4 bxc4+ 59. Kxc4 Ke6 60. Bg1 Kf7 61. Kc3 Ke6 62. Kd2 Kf7 63. Ke2 Ke6 64. Kf1 Kf7 65. Kg2 $1 Ke6 66. Kg3 Kf7 67. Bd4 Kg8 68. g6 hxg6 69. hxg6 e3 70. Kf3 Kf8 $1 71. Bc3 Kg8 1/2-1/2

[Event "Chinese League Division-A 2024"]
[Site "Fuling Chongqing"]
[Date "2024.07.01"]
[Round "5.13"]
[White "Zhou, Weiqi"]
[Black "Cao, Qingfeng"]
[Result "1-0"]
[ECO "B10"]
[WhiteElo "2599"]
[BlackElo "2189"]
[Annotator "TA"]
[PlyCount "107"]
[EventDate "2024.06.28"]
[EventType "team-tourn"]
[EventCountry "CHN"]
[SourceTitle "playchess.com"]
[Source "ChessBase"]
[SourceQuality "1"]
[TimeControl "40/5400+30:1800+30"]

1. e4 c6 2. Nf3 d5 3. d3 dxe4 4. dxe4 Qxd1+ 5. Kxd1 Nd7 6. Nbd2 e5 7. a4 Bc5 8. Bc4 {[%emt 0:04:15] White has an edge.} Ngf6 9. Ke2 a5 10. Ne1 Ke7 11. f3 Ne8 12. Nd3 Nd6 13. Nxc5 Nxc5 14. b3 b6 15. Ba3 Nxc4 16. bxc4 Ba6 17. Rhb1 Kd7 18. Rxb6 Nxa4 19. Rb3 Ke6 {[%emt 0:11:06][%cal Bd7e6,Be6e7,Be7d6][%mdl 32] [#]} 20. Be7 $1 Kxe7 (20... Bc8 21. Rba3) 21. Rxa4 Bc8 22. Rba3 {[%emt 0:00:10] White is more active.} Be6 23. Rxa5 Rxa5 24. Rxa5 $16 {[%emt 0:00:01][%mdl 4096] Endgame. KRB-KRN} Kd6 25. Kd3 Rb8 26. Kc3 g5 27. Nb3 Rb7 28. Ra8 h5 29. g3 f6 30. Rh8 Bf7 31. h4 (31. Rh6 $18 Ke7 32. Na5) 31... gxh4 32. gxh4 Ra7 {[%emt 0:00:15] Against Na5} 33. Rd8+ Ke7 34. Rc8 Kd7 35. Rb8 Kc7 36. Rh8 {[%emt 0:05:03] [#] Black must now prevent Rh6.} Kd6 $1 37. Rf8 Ke7 38. Rb8 {[%emt 0:00:04] White now steadily converts the win.} Kd6 (38... Be8 $16) 39. Kb4 $18 {[%emt 0:00:51] And now Na5 would win.} Kc7 $2 (39... Ra2 {is a better defense.}) 40. Rh8 Kd6 41. c5+ Ke7 42. Na5 {[%emt 0:00:09] Inhibits Rb7+.} Rc7 43. Kc3 Kd7 $2 (43... Bg6 44. Nc4 Ra7) 44. Rh7 {[%emt 0:01:32] White is clearly winning.} Ke6 45. Nc4 {[%emt 0:01:33] aiming for Nd6.} Rd7 46. Nd6 {[%emt 0:00:49] Threatens to win with Rxf7.} Bg6 47. Rh8 Ra7 48. Rg8 Bh7 49. Re8+ Re7 50. Rc8 Kd7 51. Rh8 Ke6 52. Kb4 f5 53. exf5+ Kf6 54. Rc8 {[%emt 0:01:02] Weighted Error Value: White=0.07 (flawless) /Black=0.25 (precise) .  Mistake:       	White=1     	Black=3      Inaccurate:     	---       	Black=5      OK:         	White=23    	Black=13     Best:        	White=2     	Black=3      Strong:       	---       	Black=1} 1-0

[Event "Chinese League Division-A 2024"]
[Site "Fuling Chongqing"]
[Date "2024.07.01"]
[Round "5.14"]
[White "Sun, Fanghui"]
[Black "Song, Yuxin"]
[Result "1/2-1/2"]
[ECO "B55"]
[WhiteElo "2115"]
[BlackElo "2383"]
[Annotator "TA"]
[PlyCount "101"]
[EventDate "2024.06.28"]
[EventType "team-tourn"]
[EventCountry "CHN"]
[SourceTitle "playchess.com"]
[Source "ChessBase"]
[SourceQuality "1"]
[TimeControl "40/5400+30:1800+30"]

1. e4 c5 2. Nf3 d6 3. d4 cxd4 4. Nxd4 Nf6 5. Bc4 e6 6. Bd3 {[%emt 0:00:06] B55: Sicilian: 2...d6 3 d4 cxd4 4 Nxd4 Nf6 5 f3.} Be7 7. c4 O-O 8. O-O a6 9. Nc3 Qc7 10. Be3 Nbd7 11. Rc1 b6 12. f4 Bb7 13. f5 Nc5 14. fxe6 fxe6 15. b4 (15. Bc2 {is more complex.} a5 16. Na4 Bxe4 17. Nxe6 Nxe6 18. Bxe4 Nxe4 19. Qd5) 15... Nxd3 16. Qxd3 Rfc8 $146 ({Predecessor:} 16... Qd7 17. Nf3 Qc7 18. Ng5 Ng4 19. Nxe6 Rxf1+ 20. Rxf1 Qd7 21. Nf4 Nxe3 22. Qxe3 Bf6 23. Ncd5 Qc6 24. Nxf6+ gxf6 25. Nd5 Rf8 26. Ne7+ {1-0 Nwachukwu,C (1893)-Catt,P Doncaster 4NCL op-B 15th 2017 (5)}) 17. Na4 (17. Nxe6 Qxc4 18. Qxc4 Rxc4 $17) 17... Bxe4 18. Qe2 (18. Qd2 $11) 18... e5 $17 19. Nb3 (19. Nf5 $142 Bxf5 20. Rxf5) 19... Rab8 $17 20. c5 {[%emt 0:05:11] [#]} bxc5 $1 21. bxc5 d5 22. Nb6 Rd8 (22... Rf8 $19 23. Nd2 Bg6 24. Qxa6 Kh8) 23. Bd2 Qc6 24. Kh1 d4 25. Na5 (25. Nc4 $142) 25... Qb5 26. Nbc4 Bd5 (26... Bxc5 27. Rxf6 $11) (26... d3 $19 27. Qe1 Qxc5 (27... Bxc5 28. Rxf6 Bxg2+ 29. Kxg2 $11) 28. Rxf6 Bxg2+ (28... gxf6 29. Qxe4 Rbc8 30. Qg4+ Kh8 31. Rf1 $11) 29. Kxg2 Bxf6 (29... gxf6 30. Ne3 $14)) 27. c6 $17 Bxc6 (27... Bd6 28. a4 Bxc4 (28... Qxa4 $2 29. Nxd6 Rxd6 30. Qxe5 $18) 29. Rxc4 $16) (27... Re8 {feels hotter.} 28. c7 Rbc8 29. a4 Qd7) 28. Nxc6 Qxc6 29. Nxe5 Qe6 30. Rfe1 Ba3 ({Worse is} 30... Qxa2 31. Nc6 Bf8 (31... Ba3 $2 32. Ra1 $16) 32. Nxd8 Rxd8 33. Ra1 $16) 31. Rc6 d3 (31... Bd6 $17 {And now ...Qxe5 would win.} 32. Qxa6 Ra8) 32. Rxe6 $11 dxe2 33. Nc4 (33. Nf3 $1 $11 {was the only way to keep the balance.}) 33... Bb4 ({Better is} 33... Rbc8 $1 $17 34. Ba5 Rd5 (34... Rxc4 35. Bxd8 Bb4 36. R6xe2 $17)) 34. R6xe2 $11 Bxd2 35. Nxd2 Rb2 36. Nf3 Rdb8 37. Kg1 a5 38. Ne5 a4 39. Nc6 R8b6 40. Na5 R6b4 41. Nc6 Rb6 42. Na5 R6b4 43. Nc6 Rxe2 44. Rxe2 Rb1+ 45. Kf2 a3 46. Kf3 Rb2 47. Na5 Nd5 48. Nc4 Rxe2 49. Kxe2 Nc3+ 50. Kd3 Nxa2 51. Nxa3 1/2-1/2